 Dungeon Crawl Stone Soup version 0.28-a0-691-gad6df49e81 (webtiles) character file.

Game seed: 746292151082936669

1736 lunkers the Magician (level 9, 0/68 HPs)
             Began as a Djinni Cinder Acolyte on Oct 20, 2021.
             Was a High Priest of Ignis.
             Slain by a troll (7 damage)
             ... on level 4 of the Dungeon on Oct 21, 2021.
             The game lasted 00:08:13 (7223 turns).

lunkers the Magician (Djinni Cinder Acolyte)        Turns: 7223, Time: 00:08:14

Health: 0/68       AC:  4    Str: 13    XL:     9   Next: 26%
Gold:   176        EV: 10    Int: 19    God:    Ignis [*****.] SH:  0 Dex:  9

rFire   + + +      SeeInvis .   a - -1 short sword (flame)
rCold   . . .      Faith    .   (no shield)
rNeg    . . .      Spirit   .   u - +0 leather armour {rC+}
rPois   ∞          Reflect  .   i - +0 helmet
rElec   .          Harm     .   (no cloak)
rCorr   .          Rampage  .   (no gloves)
Will    .....                   (boots unavailable)
Stlth   +.........              (no amulet)
HPRegen 0.21/turn               k - ring of wizardry
MPRegen 0.00/turn               o - ring of protection from fire

@: flying
A: sickness immunity, fire resistance 2, cold vulnerability 1, float, innate
caster, hp casting, extra vitality 1
a: Renounce Religion, Sea of Fire, Foxfire Swarm, Rising Flame


You were on level 4 of the Dungeon.
You worshipped Ignis.
Ignis was extremely pleased with you.
You visited 1 branch of the dungeon, and saw 6 of its levels.

You collected 176 gold pieces.

Inventory:

Hand Weapons
 a - a -1 short sword of flaming (weapon)
Missiles
 q - 2 curare-tipped darts
Armour
 b - a +0 robe
 i - a +0 helmet (worn)
 l - a +0 kite shield
 u - a +0 leather armour of cold resistance (worn)
Jewellery
 e - a ring of fire
 k - a ring of wizardry (left hand)
 o - a ring of protection from fire (right hand)
Scrolls
 d - a scroll of teleportation
 f - 2 scrolls of identify {unknown}
 j - a scroll of noise {unknown}
 p - a scroll of amnesia {unknown}
 s - a scroll of fear {unknown}
 v - a scroll of magic mapping {unknown}
Potions
 c - 3 potions of curing {unknown}
 g - a potion of haste {unknown}
 h - a potion of berserk rage {unknown}
 m - 2 potions of might {unknown}
 n - 2 potions of attraction {unknown}
 r - 2 potions of brilliance {unknown}
 t - a potion of flight {unknown}


   Skills:
 + Level 7.1 Fighting
 - Level 2.6 Short Blades
 * Level 7.5 Spellcasting


You had 13 spell levels left.
You knew the following spells:

 Your Spells              Type           Power      Damage    Failure   Level
a - Animate Skeleton      Necr           70%        N/A       1%          1
b - Corpse Rot            Necr/Air       70%        N/A       1%          2
c - Searing Ray           Conj           70%        2d7       1%          2
d - Gell's Gravitas       Tloc           17%        N/A       1%          3
p - Scorch                Fire           70%        2d9       1%          2
Your spell library was empty.

Dungeon Overview and Level Annotations

Branches:
Dungeon (6/15)             Temple (0/1) D:4

Altars:
Ashenzari
Cheibriados
Elyvilon
Xom


Innate Abilities, Weirdness & Mutations

You are immune to sickness and miasma.
You are immune to poison.
Your flesh is very heat resistant. (rF++)
You are vulnerable to cold. (rC-)
You float through the air rather than walking.
You learn spells naturally, not from books.
Your magical power is your life essence.
You have superior vitality. (+4 HP)


Message History

Done exploring.
Done exploring.
Done exploring.
(D) Dungeon (T) Temple
Where to? (Enter - D:5 @ (x,y), ? - help)
What level of the Dungeon? (default 1, ? - help)
You see here a yak corpse.
There is an escape hatch in the floor here.
There is a stone staircase leading down here.
You fly downwards.
The yak gores you but does no damage. The troll bites you!
The troll claws you! x2
* * * LOW HITPOINT WARNING * * *
The yak gores you.
* * * LOW HITPOINT WARNING * * *
There is a stone staircase leading up here.
The troll bites you.
* * * LOW HITPOINT WARNING * * *
The troll misses you. The troll closely misses you. The yak gores you!
* * * LOW HITPOINT WARNING * * *
You fly upwards.
There is a stone staircase leading down here.
Unknown command.
Unknown command.
Unknown command.
There is a stone staircase leading up here.
The troll barely misses you. The troll claws you.
* * * LOW HITPOINT WARNING * * *
The troll claws you.
* * * LOW HITPOINT WARNING * * *
You fly upwards.
There is a stone staircase leading down here.
Unknown command.
Unknown command.
Casting: Searing Ray (safe; 1% risk of failure)
Confirm with . or Enter, or press ? or * to list all spells.
Okay, then.
The troll bites you!
* * * LOW HITPOINT WARNING * * *
The troll barely misses you. The troll claws you!
You die...

........####...#.#######.....####
..÷....## ##(##.# ###..## #
#.....## ####.# #.## ##...## #.#
#.# ##'## #.# #.# #.# #.# #.#
#.######## #.# #.# ##.##.....#
#.# #.# ##...#.###.#####@# #.#
...............T.# #.#
.....#.#.#.####### #.####
.#.........# #....###
.###.#####.# ####<... .#
#.#####.# ##### .###.......#
.....####### ######


You could see a troll.

Vanquished Creatures
  3 yaks (D:5)
  Sigmund (D:2)
  A black bear (D:4)
  2 necrophages (D:5)
  A phantom (D:4)
  3 scorpions
  2 water moccasin zombies (D:5)
  A bullfrog zombie (D:5)
  3 hounds
  An orc priest (D:4)
  2 jellies
  A bullfrog skeleton (D:4)
  Jessica (D:3)
  3 iguanas
  An orc wizard (D:4)
  A killer bee zombie (D:5)
  4 gnolls (D:4)
  3 adders
  An adder skeleton (D:4)
  A worm (D:2)
  A dart slug (D:3)
  12 orcs
  8 ball pythons
  6 endoplasms
  A giant cockroach (D:2)
  6 goblins
  4 hobgoblins
  2 quokkas
  7 bats
  3 frilled lizards
  10 kobolds
  7 rats
103 creatures vanquished.

Vanquished Creatures (others)
  4 plants (D:5)
4 creatures vanquished.

Grand Total: 107 creatures vanquished

Notes
Turn   | Place    | Note
-------+----------+-------------------------------------------
     0 | D:1      | lunkers the Djinni Cinder Acolyte began the quest for the
                  | Orb.
     0 | D:1      | Reached XP level 1. HP: 20/20 MP: 0/0
   456 | D:1      | Reached XP level 2. HP: 25/25 MP: 0/0
  1221 | D:1      | Reached XP level 3. HP: 28/30 MP: 0/0
  1221 | D:1      | Learned a level 1 spell: Animate Skeleton
  1872 | D:2      | Found a shimmering altar of Xom.
  2146 | D:2      | Reached XP level 4. HP: 17/35 MP: 0/0
  2443 | D:2      | Noticed Sigmund
  2448 | D:2      | Killed Sigmund
  2449 | D:2      | Reached XP level 5. HP: 8/41 MP: 0/0
  2449 | D:2      | Learned a level 2 spell: Corpse Rot
  2449 | D:2      | Reached XP level 6. HP: 10/47 MP: 0/0
  3312 | D:3      | Noticed Jessica
  3316 | D:3      | Killed Jessica
  3974 | D:4      | Noticed a black bear
  3979 | D:4      | Killed a black bear
  3980 | D:4      | Reached XP level 7. HP: 43/53 MP: 0/0
  3980 | D:4      | Learned a level 2 spell: Searing Ray
  4079 | D:4      | Found a staircase to the Ecumenical Temple.
  4088 | D:4      | Reached skill level 5 in Spellcasting
  4105 | D:4      | Reached skill level 5 in Fighting
  5524 | D:5      | Entered Level 5 of the Dungeon
  5556 | D:5      | Reached XP level 8. HP: 55/61 MP: 0/0
  5856 | D:5      | Found a white marble altar of Elyvilon.
  5883 | D:5      | Found a snail-covered altar of Cheibriados.
  6444 | D:5      | Found a broken altar of Ashenzari.
  6448 | D:5      | Saw a vision of the Swamp and the Snake Pit.
  6448 | D:5      | Noticed a black mamba
  6448 | D:5      | Noticed a naga sharpshooter
  6448 | D:5      | Noticed a naga ritualist
  6448 | D:5      | Noticed a naga mage
  6448 | D:5      | Noticed an anaconda
  6449 | D:5      | Noticed a salamander
  6703 | D:6      | Noticed a yak
  6703 | D:6      | Noticed a yak
  6703 | D:6      | Noticed a yak
  6704 | D:6      | Noticed a yak
  6710 | D:5      | Killed a yak
  6711 | D:5      | Reached XP level 9. HP: 18/67 MP: 0/0
  6711 | D:5      | Learned a level 3 spell: Gell's Gravitas
  6941 | D:6      | Noticed a troll
  7223 | D:4      | Slain by a troll

Illustrated notes

Levels and vault maps discovered:
D:1:      arrival_zaba_pyramid, layout_basic
D:2:      layout_loops_ring, basic_altar, uniq_sigmund
D:3:      layout_basic, bh_walls_and_bars, uniq_jessica
D:4:      layout_loops_corners, minmay_temple_entry_mist
D:5:      layout_rooms, grunt_ashenzari_visionary
          [grunt_ashenzari_visionary_swamp, grunt_ashenzari_visionary_snake],
          cheibriados_altar_1, nicolae_elyvilon_temple_path, st_stairs_8,
          hangedman_abyss_or_decor_stabs, minmay_tree_intersection
D:6:      layout_basic

Skill      XL: |  1  2  3  4  5  6  7  8  9 |
---------------+----------------------------+-----
Spellcasting   | 3 4 5 7 |  7.5
Fighting       | 4 5 6 7 |  7.1
Short Blades   | |  2.6

Action                   |  1- 3 |  4- 6 |  7- 9 || total
-------------------------+-------+-------+-------++-------
Melee: Short sword       |    20 |     1 |       ||    21
 Cast: Scorch            |    41 |    36 |   107 ||   184
       Searing Ray       |       |       |     2 ||     2
  Use: Scroll            |       |       |     1 ||     1
Armor: Robe              |    14 |     1 |     9 ||    24
       Leather armour    |       |       |     4 ||     4
Dodge: Dodged            |    22 |     5 |    18 ||    45

Table legend: (Time is in decaauts)
 A = Elapsed time spent in this place.
 B = Non-inter-level travel time spent in this place.
 C = Inter-level travel time spent in this place.
 D = Time resting spent in this place.
 E = Time spent auto-exploring this place.
 F = Levels seen in this place.
 G = Mean time per level.
                   A        B        C        D        E       F      G
               +--------+--------+--------+--------+--------+-----+--------+
         Total |   7223 |   7100 |    123 |    408 |   6057 |   6 | 1203.8 |
       Dungeon |   7223 |   7100 |    123 |    408 |   6057 |   6 | 1203.8 |
               +--------+--------+--------+--------+--------+-----+--------+

Top non-repeatable levels by time:
     D:1: 1699 daAuts
     D:5: 1672 daAuts
     D:4: 1639 daAuts
     D:2: 1395 daAuts
     D:3: 807 daAuts
     D:6: 8 daAuts
